NCAA
CONNECTICUT HUSKIES @ OHIO STATE BUCKEYES
05/21/2025
 
TOP OF THE 1ST
Connecticut Huskies batting - Pitching for Ohio State Buckeyes : RHP Bartolo Villarreal
Pitching: RHP Bartolo Villarreal
Batting: RHB Carlos Marino 0-0: Swinging Strike
0-1: Called Strike
0-2: Foul Ball, location: 2F
0-2: Foul Ball, location: 2F
0-2: Ball
1-2: Ball
2-2: Ground out 6-3 (Groundball, 6)
Batting: RHB Eric Black 0-0: Ball
1-0: Called Strike
1-1: Ball
2-1: Ball
3-1: Called Strike
3-2: Ground out 6-3 (Groundball, 6)
Batting: RHB Jeff Manley 0-0: Ground out 4-3 (Groundball, 4)
Top of the 1st over - 0 run(s), 0 hit(s), 0 error(s), 0 left on base; Connecticut 0 - Ohio State 0
BOTTOM OF THE 1ST
Ohio State Buckeyes batting - Pitching for Connecticut Huskies : RHP Julius Britton
Pitching: RHP Julius Britton
Batting: RHB Will Anderson 0-0: Ball
1-0: Ball
2-0: Ball
3-0: Base on Balls
Batting: RHB Dan Rivera 0-0: Foul Ball, location: 2F
0-1: Swinging Strike
0-2: Foul Ball, location: 2F
0-2: Ball
1-2: Ball
2-2: Foul Ball, location: 2F
2-2: Ball
3-2: Foul Ball, location: 2F
3-2: Base on Balls
Will Anderson to second
Batting: SHB Thomas Simmons 0-0: Ball
1-0: Ball
2-0: Foul Ball, location: 2F
2-1: Foul Ball, location: 2F
2-2: Foul Ball, location: 2F
2-2: Foul Ball, location: 2F
2-2: Strikes out swinging
Batting: LHB Joel Nelson 0-0: Ball
1-0: Ball
2-0: 3-RUN HOME RUN (Line Drive, 8RXD), Distance : 398 ft
Batting: RHB Gabriel Soto 0-0: Ball
1-0: Ground out 6-3 (Groundball, 6)
Batting: LHB Milo Glenn 0-0: Called Strike
0-1: Swinging Strike
0-2: SINGLE (Line Drive, 8LS)
Batting: RHB Javier Álvarez 0-0: Ball
1-0: Called Strike
1-1: Ball
2-1: Called Strike
2-2: Foul Ball, location: 2F
2-2: Strikes out swinging
Bottom of the 1st over - 3 run(s), 2 hit(s), 0 error(s), 1 left on base; Connecticut 0 - Ohio State 3
TOP OF THE 2ND
Connecticut Huskies batting - Pitching for Ohio State Buckeyes : RHP Bartolo Villarreal
Batting: LHB Arthur MacDonald 0-0: Called Strike
0-1: Ball
1-1: Foul Ball, location: 2F
1-2: Strikes out looking
Batting: RHB Mario Flores 0-0: Swinging Strike
0-1: DOUBLE (Line Drive, 8LM)
Batting: LHB Chris Schultz 0-0: Ball
1-0: Ball
2-0: Ball
3-0: Base on Balls
Batting: RHB Brian Kramer 0-0: Called Strike
0-1: Called Strike
0-2: Ball
1-2: Foul Ball, location: 2F
1-2: SINGLE (Groundball, 6MD)
Mario Flores to third
Chris Schultz to second
Runner from 3rd tries for Home, SAFE, throw made home
Chris Schultz to third
Brian Kramer to second
Batting: RHB Thomas Moore 0-0: Ball
Balk!
Chris Schultz scores
Brian Kramer to third
1-0: Swinging Strike
1-1: Ball
2-1: Called Strike
2-2: Strikes out looking
Batting: RHB Michael Cobb 0-0: Ball
1-0: Swinging Strike
1-1: Ball
2-1: Foul Ball, location: 2F
2-2: Ball
3-2: Base on Balls
Batting: RHB Carlos Marino 0-0: Called Strike
0-1: Called Strike
0-2: Ball
1-2: Foul Ball, location: 2F
1-2: Ball
2-2: Ball
3-2: Strikes out looking
Top of the 2nd over - 2 run(s), 2 hit(s), 0 error(s), 2 left on base; Connecticut 2 - Ohio State 3
BOTTOM OF THE 2ND
Ohio State Buckeyes batting - Pitching for Connecticut Huskies : RHP Julius Britton
Batting: SHB Bill House 0-0: Ball
1-0: Ball
2-0: DOUBLE (Flyball, 8LS)
Batting: RHB John Robertson 0-0: SINGLE (Groundball, 13) (infield hit)
Bill House to third
Batting: RHB Will Anderson 0-0: Ball
1-0: Called Strike
1-1: Swinging Strike
1-2: Foul Ball, location: 2F
1-2: Ball
2-2: Strikes out swinging
Batting: RHB Dan Rivera 0-0: Ball
Passed Ball!
Bill House scores
John Robertson to second
1-0: Swinging Strike
1-1: Foul Ball, location: 2F
1-2: Strikes out swinging
Batting: SHB Thomas Simmons 0-0: Ball
1-0: Ball
2-0: Called Strike
2-1: Ball
3-1: Fly out, F8 (Flyball, 8LXD)
Bottom of the 2nd over - 1 run(s), 2 hit(s), 0 error(s), 1 left on base; Connecticut 2 - Ohio State 4
TOP OF THE 3RD
Connecticut Huskies batting - Pitching for Ohio State Buckeyes : RHP Bartolo Villarreal
Batting: RHB Eric Black 0-0: Called Strike
0-1: Ball
1-1: SINGLE (Line Drive, 7S)
Batting: RHB Jeff Manley 0-0: Foul Ball, location: 2F
0-1: Foul Ball, location: 2F
0-2: Foul Ball, location: 2F
0-2: Foul Ball, location: 2F
0-2: DOUBLE (Line Drive, 7LD)
Eric Black to third
Batting: LHB Arthur MacDonald 0-0: Ball
1-0: Ball
2-0: Ball
3-0: Base on Balls
Batting: RHB Mario Flores 0-0: Fly out, F9 (Flyball, 9M)
Runner from 3rd tags up, OUT at HOME
Jeff Manley to third
Arthur MacDonald to second
Batting: LHB Chris Schultz 0-0: Called Strike
0-1: Fly out, F4 (Popup, 34)
Top of the 3rd over - 0 run(s), 2 hit(s), 0 error(s), 2 left on base; Connecticut 2 - Ohio State 4
BOTTOM OF THE 3RD
Ohio State Buckeyes batting - Pitching for Connecticut Huskies : RHP Julius Britton
Batting: LHB Joel Nelson 0-0: Foul Ball, location: 2F
0-1: Ground out 5-3 (Groundball, 5)
Batting: RHB Gabriel Soto 0-0: Fly out, F3 (Popup, 3S)
Batting: LHB Milo Glenn 0-0: Foul Ball, location: 2F
0-1: Foul Ball, location: 2F
0-2: Foul Ball, location: 2F
0-2: Ball
1-2: Ball
2-2: Strikes out swinging
Bottom of the 3rd over - 0 run(s), 0 hit(s), 0 error(s), 0 left on base; Connecticut 2 - Ohio State 4
TOP OF THE 4TH
Connecticut Huskies batting - Pitching for Ohio State Buckeyes : RHP Bartolo Villarreal
Batting: RHB Brian Kramer 0-0: Swinging Strike
0-1: Ball
1-1: Foul Ball, location: 2F
1-2: Ball
2-2: Strikes out swinging
Batting: RHB Thomas Moore 0-0: Called Strike
0-1: Foul Ball, location: 2F
0-2: Ball
1-2: Ball
2-2: Strikes out swinging
Batting: RHB Michael Cobb 0-0: Called Strike
0-1: Foul Ball, location: 2F
0-2: Ground out 6-3 (Groundball, 6M)
Top of the 4th over - 0 run(s), 0 hit(s), 0 error(s), 0 left on base; Connecticut 2 - Ohio State 4
BOTTOM OF THE 4TH
Ohio State Buckeyes batting - Pitching for Connecticut Huskies : RHP Julius Britton
Batting: RHB Javier Álvarez 0-0: Ball
1-0: Fly out, F8 (Flyball, 8RM)
Batting: SHB Bill House 0-0: Ground out 4-3 (Groundball, 4)
Batting: RHB John Robertson 0-0: Ball
1-0: Foul Ball, location: 2F
1-1: Ground out 4-3 (Groundball, 4)
Bottom of the 4th over - 0 run(s), 0 hit(s), 0 error(s), 0 left on base; Connecticut 2 - Ohio State 4
TOP OF THE 5TH
Connecticut Huskies batting - Pitching for Ohio State Buckeyes : RHP Bartolo Villarreal
Batting: RHB Carlos Marino 0-0: Called Strike
0-1: SINGLE (Line Drive, 4MD)
Batting: RHB Eric Black 0-0: Ball
1-0: Foul Ball, location: 2F
1-1: Fly out, F6 (Popup, 6MS)
Pitching: LHP Monty Williams
Batting: RHB Jeff Manley 0-0: Ball
1-0: Grounds into double play, U6-3 (Groundball, 6M)
Top of the 5th over - 0 run(s), 1 hit(s), 0 error(s), 0 left on base; Connecticut 2 - Ohio State 4
BOTTOM OF THE 5TH
Ohio State Buckeyes batting - Pitching for Connecticut Huskies : RHP Julius Britton
Batting: RHB Will Anderson 0-0: Called Strike
0-1: Called Strike
0-2: Foul Ball, location: 2F
0-2: Ball
1-2: Foul Ball, location: 2F
1-2: Ball
2-2: Foul Ball, location: 2F
2-2: Fly out, F7 (Flyball, 78S)
Batting: RHB Dan Rivera 0-0: Ball
1-0: Ball
2-0: Foul Ball, location: 2F
2-1: Ball
3-1: Base on Balls
Pitching: LHP Will Hines
Batting: SHB Thomas Simmons 0-0: Ball
1-0: Swinging Strike
1-1: Foul Ball, location: 2F
1-2: Ball
2-2: Ball
3-2: Base on Balls
Dan Rivera to second
Batting: LHB Joel Nelson 0-0: Ball
1-0: Ball
2-0: Ball
3-0: Foul Ball, location: 2F
3-1: SINGLE (Line Drive, 56D)
Dan Rivera to third
Thomas Simmons to second
Batting: RHB Gabriel Soto 0-0: Called Strike
0-1: Fielders Choice at 2nd, 4-6 (Groundball, 4)
Dan Rivera scores
Thomas Simmons to third
Batting: LHB Milo Glenn 0-0: Ball
1-0: Ball
2-0: Foul Ball, location: 2F
2-1: Ball
3-1: Foul Ball, location: 2F
3-2: Strikes out swinging
Bottom of the 5th over - 1 run(s), 1 hit(s), 0 error(s), 2 left on base; Connecticut 2 - Ohio State 5
TOP OF THE 6TH
Connecticut Huskies batting - Pitching for Ohio State Buckeyes : LHP Monty Williams
Batting: LHB Arthur MacDonald 0-0: Ball
1-0: Called Strike
1-1: Ball
2-1: Foul Ball, location: 2F
2-2: Ball
3-2: Base on Balls
Batting: RHB Mario Flores 0-0: Ball
1-0: Grounds into double play, 5-4-3 (Groundball, 56)
Batting: LHB Chris Schultz 0-0: Swinging Strike
0-1: Ball
1-1: Fly out, F7 (Line Drive, 78M)
Top of the 6th over - 0 run(s), 0 hit(s), 0 error(s), 0 left on base; Connecticut 2 - Ohio State 5
BOTTOM OF THE 6TH
Ohio State Buckeyes batting - Pitching for Connecticut Huskies : LHP Will Hines
Batting: RHB Javier Álvarez 0-0: Ball
1-0: Fly out, F8 (Flyball, 8RXD)
Batting: SHB Bill House 0-0: Ball
1-0: Ball
2-0: Ball
3-0: Called Strike
3-1: Foul Ball, location: 2F
3-2: Foul Ball, location: 2F
3-2: Ground out 6-3 (Groundball, 6)
Batting: RHB John Robertson 0-0: Ball
1-0: Swinging Strike
1-1: DOUBLE (Flyball, 78D)
Batting: RHB Will Anderson 0-0: Called Strike
0-1: Ground out 6-3 (Groundball, 6)
Bottom of the 6th over - 0 run(s), 1 hit(s), 0 error(s), 1 left on base; Connecticut 2 - Ohio State 5
TOP OF THE 7TH
Connecticut Huskies batting - Pitching for Ohio State Buckeyes : LHP Monty Williams
Batting: RHB Brian Kramer 0-0: SINGLE (Line Drive, 89M)
Batting: RHB Thomas Moore 0-0: Ball
1-0: Ball
2-0: Ball
3-0: Called Strike
3-1: Foul Ball, location: 2F
3-2: Fly out, F8 (Flyball, 8RM)
Pitching: LHP Dirk McGee
Batting: RHB Michael Cobb 0-0: Ball
1-0: Ball
2-0: Fly out, F8 (Flyball, 8LXD)
Batting: RHB Carlos Marino 0-0: Ball
1-0: Swinging Strike
1-1: Ball
2-1: Called Strike
2-2: Ball
3-2: Strikes out swinging
Top of the 7th over - 0 run(s), 1 hit(s), 0 error(s), 1 left on base; Connecticut 2 - Ohio State 5
BOTTOM OF THE 7TH
Ohio State Buckeyes batting - Pitching for Connecticut Huskies : LHP Will Hines
Batting: RHB Dan Rivera 0-0: Called Strike
0-1: Swinging Strike
0-2: Strikes out swinging
Pitching: RHP Anastasio Salazar
Batting: SHB Thomas Simmons 0-0: Swinging Strike
0-1: Ball
1-1: Foul Ball, location: 2F
1-2: Foul Ball, location: 2F
1-2: Fly out, F7 (Flyball, 78M)
Batting: LHB Joel Nelson 0-0: Ball
1-0: Ball
2-0: Reached on error, E6 (Groundball, 6)
Batting: RHB Gabriel Soto 0-0: Foul Ball, location: 2F
0-1: Ground out 1-3 (Groundball, 25)
Bottom of the 7th over - 0 run(s), 0 hit(s), 1 error(s), 1 left on base; Connecticut 2 - Ohio State 5
TOP OF THE 8TH
Connecticut Huskies batting - Pitching for Ohio State Buckeyes : LHP Dirk McGee
Batting: RHB Eric Black 0-0: Called Strike
0-1: Called Strike
0-2: Ball
1-2: Ball
2-2: Strikes out swinging
Batting: RHB Jeff Manley 0-0: Ball
1-0: Swinging Strike
1-1: Ball
2-1: Ground out 4-3 (Groundball, 4)
Batting: LHB Arthur MacDonald 0-0: Ball
1-0: Fly out, F3 (Popup, 23F)
Top of the 8th over - 0 run(s), 0 hit(s), 0 error(s), 0 left on base; Connecticut 2 - Ohio State 5
BOTTOM OF THE 8TH
Ohio State Buckeyes batting - Pitching for Connecticut Huskies : RHP Anastasio Salazar
Batting: LHB Milo Glenn 0-0: Fly out, F8 (Flyball, 8LM)
Batting: RHB Javier Álvarez 0-0: Swinging Strike
0-1: Ball
1-1: DOUBLE (Line Drive, 7LM)
Batting: SHB Bill House 0-0: Called Strike
0-1: Ball
1-1: Ball
2-1: Ball
3-1: Base on Balls
Batting: RHB John Robertson 0-0: Swinging Strike
0-1: Ball
1-1: Grounds into double play, 1-4-3 (Groundball, 15)
Bottom of the 8th over - 0 run(s), 1 hit(s), 0 error(s), 1 left on base; Connecticut 2 - Ohio State 5
TOP OF THE 9TH
Connecticut Huskies batting - Pitching for Ohio State Buckeyes : LHP Dirk McGee
Pitching: RHP Don Feightner
Now at SS: Bernard Farley
Batting: RHB Mario Flores 0-0: Foul Ball, location: 2F
0-1: Called Strike
0-2: Foul Ball, location: 2F
0-2: Ball
1-2: Fly out, F9 (Flyball, 9M)
Batting: LHB Chris Schultz 0-0: Ball
1-0: Called Strike
1-1: Foul Ball, location: 2F
1-2: Ball
2-2: Strikes out swinging
Batting: RHB Brian Kramer 0-0: Called Strike
0-1: Swinging Strike
0-2: Strikes out swinging
Top of the 9th over - 0 run(s), 0 hit(s), 0 error(s), 0 left on base; Connecticut 2 - Ohio State 5
This league is powered by Out of the Park Baseball, the baseball management simulation game for PC, Mac and Linux
Tuesday, August 2nd, 2016 - OOTP Baseball 16.8 Build 38